 Dungeon Crawl Stone Soup version 0.17-a0-764-gd40c196 (console) character file.

968 sose the Vexing (level 7, -3/46 HPs)
             Began as a Vampire Enchanter on Apr 23, 2015.
             Was an Initiate of Ashenzari.
             Killed from afar by Dowan (15 damage)
             ... with a shard of ice
             ... on level 5 of the Dungeon.
             The game lasted 00:18:45 (5305 turns).

sose the Vexing (Vampire Enchanter)                 Turns: 5305, Time: 00:18:46

Health: -3/46      AC:  8    Str:  7    XL:     7   Next: 93%
Magic:  7/11       EV:  9    Int: 17    God:    Ashenzari [......]
Gold:   191        SH:  5    Dex: 18    Spells: 4 memorised, 3 levels left

rFire  . . .     SeeInvis +     a - +1 dagger
rCold  . . .     Clarity  .     b - +1 robe
rNeg   + . .     SustAb   .     n - +0 buckler (curse)
rPois  .         Gourm    .     (no helmet)
rElec  .         Spirit   .     s - +1 cloak
rCorr  .         Warding  .     (no gloves)
rMut   .         Stasis   .     (no boots)
MR     +....                    (no amulet)
Stlth  +++++.....               A - ring of the Wishes {+Fly MR+ AC+3 Int-2 Dex+3} (curse)
                                e - ring of stealth

@: somewhat resistant to hostile enchantments, quite stealthy
A: fangs 3, see invisible, unbreathing
a: Bat Form, Renounce Religion, Evoke Flight


You were on level 5 of the Dungeon.
You worshipped Ashenzari.
Ashenzari was noncommittal.
You were not thirsty.

You visited 2 branches of the dungeon, and saw 6 of its levels.
You also visited: Sewer.

You collected 291 gold pieces.
You spent 100 gold pieces at shops.

Inventory:

Hand weapons
 a - a +1 dagger (weapon)
Armour
 b - a +1 robe (worn)
 i - the -5 cloak of Failure {rN+ MR+}
   (You found it on level 4 of the Dungeon)

   It protects you from negative energy.
   It affects your resistance to hostile enchantments.
 n - a cursed +0 buckler (worn)
 s - a +1 cloak (worn)
Magical staves
 E - an uncursed staff of power
Jewellery
 e - a ring of stealth (left hand)
 A - the cursed ring of the Wishes (right hand) {+Fly MR+ AC+3 Int-2 Dex+3}
   (You bought it in a shop on level 4 of the Dungeon)

   [ring of protection]

   It affects your AC (+3).
   It affects your intelligence (-2).
   It affects your dexterity (+3).
   It affects your resistance to hostile enchantments.
   It lets you fly.
   It has a curse placed upon it.
Scrolls
 f - 2 scrolls of identify
 g - a scroll of noise {unknown}
 h - 2 scrolls of fear {unknown}
 j - a scroll of random uselessness {unknown}
 l - a scroll of recharging {unknown}
 m - a scroll of enchant armour {unknown}
 q - 2 scrolls of fog {unknown}
 t - 3 scrolls of teleportation {unknown}
 x - a scroll of enchant weapon {unknown}
 y - a scroll of magic mapping {unknown}
 z - 3 scrolls of blinking {unknown}
 C - 2 scrolls of amnesia {unknown}
 D - a scroll of curse weapon
Potions
 d - 3 potions of blood
 k - a potion of curing {unknown}
 o - 2 potions of heal wounds {unknown}
 p - a potion of agility {unknown}
 r - a potion of poison {unknown}
 u - a potion of magic {unknown}
 v - 2 potions of flight {unknown}
 w - 2 potions of brilliance {unknown}
 B - a potion of might {unknown}
Books
 c - a book of Maledictions

   Spells                             Type                      Level
   a - Corona                         Hexes                        1
   b - Ensorcelled Hibernation        Hexes/Ice                    2
   c - Confuse                        Hexes                        3
   d - Tukima's Dance                 Hexes                        3
   e - Dazzling Spray                 Conjuration/Hexes            3
 F - a book of Hinderance

   Spells                             Type                      Level
   a - Confusing Touch                Hexes                        2
   b - Confuse                        Hexes                        3
   c - Gell's Gravitas                Hexes/Translocation          3
   d - Petrify                        Transmutation/Earth          4
   e - Metabolic Englaciation         Hexes/Ice                    5
   f - Summon Mana Viper              Hexes/Summoning              5


   Skills:
 + Level 3.0 Short Blades
 + Level 3.7 Dodging
 + Level 6.6 Stealth
 - Level 4.1 Shields
 + Level 3.1 Spellcasting
 - Level 7.2 Hexes
 - Level 3.0 Ice Magic


You had 3 spell levels left.
You knew the following spells:

 Your Spells              Type           Power        Failure   Level  Hunger
a - Ensorcelled Hibernat  Hex/Ice        ###...       3%          2    ##.....
b - Confuse               Hex            ####....     2%          3    ###....
c - Tukima's Dance        Hex            ####....     2%          3    ###....
X - Corona                Hex            ####...      1%          1    None


Dungeon Overview and Level Annotations

Branches:
Dungeon (5/15)             Temple (1/1) D:4

Altars:
Ashenzari
Cheibriados
Elyvilon
Fedhas
Gozag
Kikubaaqudgha
Nemelex Xobeh
Okawaru
Qazlal
Ru
Sif Muna
Trog
Vehumet
Xom
Yredelemnul
Zin

Shops:
D:4 *

Annotations:
D:5 Dowan, Sigmund


Innate Abilities, Weirdness & Mutations

You have razor-sharp teeth.
You have supernaturally acute eyesight.
You can survive without breathing.


Message History

Duvessa is almost dead.
Duvessa hits you with a rapier.
You completely miss Duvessa.
Duvessa is almost dead.
Duvessa hits you with a rapier.
You strike the helpless Duvessa from behind!
You impale Duvessa!!
You kill Duvessa!
Dowan screams, "No!
No!"
Dowan seems to find hidden reserves of power!
Your Short Blades skill increases to level 3!
Your Spellcasting skill increases to level 3!
Dowan shouts!
Dowan points at you and mumbles some strange words.
The shard of ice hits you!
* * * LOW HITPOINT WARNING * * *
Unknown command.
Dowan gestures at you while chanting.
Helpless, you fail to dodge the shard of ice.
You die...

##..#####.....#.###
#...# #.(.#...# ###..##
###.##### ....## #.###
.##e# #...## ###.#
###..# ###.# ##.# ....#
#)# ##..# #@###
##..############...####
......ยง.......%)e...<.#
^...#########..)).....#
....# #.........# ....#
####...#### ..[.# #####
..### ###


You could see Dowan.

Vanquished Creatures
  Duvessa (D:5)
  A sky beast (D:5)
  3 big kobolds (Sewer)
  A crimson imp (D:4)
  3 hounds (D:4)
  A giant frog skeleton (D:5)
  Crazy Yiuf (D:2)
  An orc priest (D:4)
  2 orc wizards
  Jessica (D:3)
  A worker ant (D:4)
  A hound skeleton (D:4)
  4 gnolls (D:5)
  5 adders
  2 river rats (Sewer)
  2 oozes
  5 worms
  5 giant geckos
  15 orcs
  A ball python (Sewer)
  A bat skeleton (D:4)
  A bat zombie (D:5)
  6 giant cockroaches
  8 hobgoblins
  9 jackals
  12 kobolds
  6 bats
  3 giant newts
  6 goblins
  9 rats
117 creatures vanquished.

Notes
Turn   | Place    | Note
--------------------------------------------------------------
     0 | D:1      | sose, the Vampire Enchanter, began the quest for the Orb.
     0 | D:1      | Reached XP level 1. HP: 13/13 MP: 3/3
   118 | D:1      | Reached skill level 5 in Hexes
   266 | D:1      | Reached XP level 2. HP: 19/19 MP: 5/5
   270 | D:1      | Learned a level 2 spell: Ensorcelled Hibernation
   375 | D:1      | Found a shimmering altar of Xom.
   790 | D:2      | Reached skill level 1 in Ice Magic
   813 | D:2      | Found a deep blue altar of Sif Muna.
   869 | D:2      | Reached skill level 5 in Stealth
  1308 | D:2      | Reached XP level 3. HP: 24/24 MP: 3/6
  1383 | D:2      | Noticed Crazy Yiuf
  1388 | D:2      | Killed Crazy Yiuf
  1467 | D:3      | Noticed Jessica
  1471 | D:3      | Killed Jessica
  1471 | D:3      | Reached XP level 4. HP: 30/30 MP: 4/7
  1477 | D:3      | Found a glowing drain.
  1498 | D:3      | Learned a level 3 spell: Confuse
  1510 | Sewer    | Entered a sewer
  1601 | Sewer    | Reached skill level 1 in Shields
  1721 | Sewer    | Noticed a big kobold
  1721 | Sewer    | Noticed a big kobold
  1911 | Sewer    | Killed a big kobold
  1911 | Sewer    | Reached skill level 6 in Hexes
  1911 | Sewer    | Reached XP level 5. HP: 3/35 MP: 0/8
  2232 | Sewer    | Killed a big kobold
  2357 | Sewer    | Reached XP level 6. HP: 25/41 MP: 4/9
  2417 | Sewer    | Noticed a big kobold
  2440 | Sewer    | Killed a big kobold
  2440 | Sewer    | Reached skill level 7 in Hexes
  2519 | D:3      | Found a glowing silver altar of Zin.
  2733 | D:3      | Found a sacrificial altar of Ru.
  2799 | D:3      | Learned a level 3 spell: Tukima's Dance
  3490 | D:4      | Found Hioroe's Assorted Antiques.
  3493 | D:4      | Bought a clouded lead ring for 100 gold pieces
  3493 | D:4      | Identified the ring of the Wishes {+Fly MR+ AC+3 Int-2 Dex+3} (You bought it in a shop on level 4 of the Dungeon)
  3781 | D:4      | Reached XP level 7. HP: 20/46 MP: 0/10
  4180 | D:4      | Found a staircase to the Ecumenical Temple.
  4185 | Temple   | Entered the Ecumenical Temple
  4284 | Temple   | Became a worshipper of Ashenzari the Shackled
  4685 | D:4      | Got the uncursed cloak of Failure {rN+ MR+}
  4705 | D:4      | Identified the -5 cloak of Failure {rN+ MR+} (You found it on level 4 of the Dungeon)
  4828 | D:5      | Entered Level 5 of the Dungeon
  5009 | D:5      | Noticed Duvessa
  5010 | D:5      | Noticed Dowan
  5214 | D:5      | Noticed Sigmund
  5304 | D:5      | Killed Duvessa
  5305 | D:5      | Killed from afar by Dowan

Action                   |  1- 3 |  4- 6 |  7- 9 || total
-------------------------+-------+-------+-------++-------
Melee: Dagger            |    80 |   168 |   128 ||   376
 Cast: Ensorcelled Hiber |     8 |    51 |    20 ||    79
       Corona            |     3 |       |       ||     3
       Confuse           |       |     8 |     4 ||    12
  Use: Potion            |     2 |       |       ||     2
       Scroll            |       |     1 |     2 ||     3
 Stab: Sleeping          |    18 |    44 |    18 ||    80
       Confused          |       |     3 |     3 ||     6
       Distracted        |       |     1 |       ||     1
  Eat: Corpse            |     1 |    12 |     5 ||    18
